 Dungeon Crawl Stone Soup version 0.26.1-10-gdfb7c7de75 (webtiles) character file.

Game seed: 1704592160962534173

137373 Phaedo the Nimble (level 17, -13/108 HPs)
             Began as an Octopode Delver on Mar 31, 2021.
             Was an Elder of Nemelex Xobeh.
             Mangled by a six-headed hydra simulacrum (16 damage)
             ... on level 1 of the Lair of Beasts on Apr 1, 2021.
             The game lasted 01:55:51 (41999 turns).

Phaedo the Nimble (Octopode Delver)                Turns: 41999, Time: 01:55:52

Health: -13/108    AC:  1    Str: 12    XL:     17   Next: 23%
Magic:  20/25      EV: 32    Int: 17    God:    Nemelex Xobeh [****..]
Gold:   1931       SH: 23    Dex: 18    Spells: 9/16 levels left

rFire    x . .     SeeInvis +   a - +11 trident of Fimbulwinter {elec, Dex+3}
rCold    + . .     Faith    .   r - +5 kite shield
rNeg     . . .     Spirit   .   (helmet restricted)
rPois    .         Reflect  +   v - amulet of reflection
rElec    .         Harm     .   j - +4 ring of evasion
rCorr    .         Rampage  .   p - ring of see invisible
Will     +....                  w - +4 ring of evasion
Stlth    ++++++....             (no ring)
HPRegen  0.28/turn              X - ring of ice
MPRegen  0.19/turn              (no ring)
                                (no ring)
                                (no ring)

@: studying Crossbows
A: almost no armour, stealthy swim, amphibious, 8 rings, constrict 8, camouflage
1, gelatinous body 1
a: Renounce Religion, Draw Escape, Draw Destruction, Draw Summoning, Triple
Draw, Deal Four


You were on level 1 of the Lair of Beasts.
You worshipped Nemelex Xobeh.
Nemelex Xobeh was greatly pleased with you.
You visited 4 branches of the dungeon, and saw 23 of its levels.
You also visited: Ossuary and Ice Cave.

You collected 2011 gold pieces.
You spent 80 gold pieces at shops.

Inventory:

Hand Weapons
 a - the +11 trident of Fimbulwinter (weapon) {elec, Dex+3}
   (You found it on level 3 of the Lair of Beasts)

   Occasionally, upon striking a foe, it can discharge electrical energy and
   cause terrible harm.
   It affects your dexterity (+3).
 b - the +7 hunting sling of the Swamp {flame, *Slow Int+7}
   (You found it on level 6 of the Dungeon)

   It causes projectiles fired from it to burn those they strike, causing extra
   injury to most foes and up to half again as much damage against particularly
   susceptible opponents.
   It affects your intelligence (+7).
   It may slow you when you take damage.
 B - the +1 trident of Disorder {antimagic, rElec rC+ rN+ Str+2}
   (You took it off a spriggan rider on level 5 of the Lair of Beasts)

   It reduces the magical energy of the wielder, and disrupts the spells and
   magical abilities of those hit.
   Natural abilities and divine invocations are not affected.
   It affects your strength (+2).
   It protects you from cold.
   It insulates you from electricity.
   It protects you from negative energy.
 I - a +4 hand crossbow of freezing
Missiles
 c - 12 large rocks
 i - 222 sling bullets
 o - 917 stones (quivered)
 J - 3 datura-tipped darts
 O - 136 poisoned darts
Armour
 r - a +5 kite shield (worn)
Jewellery
 j - a +4 ring of evasion (left tentacle)
 p - a ring of see invisible (right tentacle)
 v - an amulet of reflection (around mantle)
 w - a +4 ring of evasion (on tentacle)
 y - an uncursed amulet of guardian spirit
 F - an uncursed ring of flight
 X - a ring of ice (on tentacle)
 Y - an uncursed ring of fire
Wands
 f - a wand of digging (13)
 h - a wand of polymorph (17)
 P - a wand of flame (75)
 S - a wand of paralysis (13)
 T - a wand of disintegration (30)
 Z - a wand of acid (11)
Scrolls
 d - 3 scrolls of magic mapping
 g - 4 scrolls of enchant armour
 l - 4 scrolls of fog
 m - 5 scrolls of immolation
 n - 5 scrolls of remove curse
 t - 11 scrolls of teleportation
 x - 5 scrolls of blinking
 A - 3 scrolls of fear
 V - 6 scrolls of identify
Potions
 e - a potion of haste
 k - 3 potions of mutation
 q - 5 potions of attraction
 s - 3 potions of magic
 u - 4 potions of resistance
 z - 5 potions of curing
 D - 3 potions of invisibility
 G - 3 potions of cancellation
 H - 4 potions of lignification
 K - 3 potions of heal wounds
 M - 7 potions of flight
 N - 6 potions of might
 Q - 4 potions of brilliance
 U - a potion of experience
 W - 3 potions of ambrosia
Books
 E - a manual of Crossbows
Miscellaneous
 C - a phial of floods
 L - a phantom mirror
 R - a box of beasts


   Skills:
 + Level 7.2 Fighting
 + Level 13.6 Polearms
 * Level 11.7 Crossbows
 + Level 14.0 Dodging
 - Level 12.0 Stealth
 + Level 13.6 Shields
 - Level 12.0 Poison Magic
 + Level 11.7 Invocations


You had 9 spell levels left.
You knew the following spells:

 Your Spells              Type           Power        Failure   Level
a - Olgreb's Toxic Radia  Pois           40%          1%          4
b - Portal Projectile     Hex/Tloc       0%           63%         3

Your spell library contained the following spells:

 Spells                   Type           Power        Failure   Level
 Sting                    Tmut/Pois      80%          2%          1
 Poisonous Vapours        Pois/Air       40%          3%          2
 Ignite Poison            Fire/Tmut/Pois 13%          16%         3
 Mephitic Cloud           Conj/Pois/Air  13%          16%         3
 Corona                   Hex            0%           28%         1
 Freeze                   Ice            0%           28%         1
 Corpse Rot               Necr/Air       N/A          38%         2
 Ensorcelled Hibernation  Hex/Ice        0%           38%         2
 Slow                     Hex            0%           38%         2
 Confusing Touch          Hex            0%           63%         3
 Conjure Flame            Conj/Fire      0%           63%         3
 Dazzling Flash           Conj/Hex       0%           63%         3
 Frozen Ramparts          Ice            0%           63%         3
 Inner Flame              Hex/Fire       0%           63%         3
 Ozocubu's Armour         Ice            0%           63%         3
 Stone Arrow              Conj/Erth      0%           63%         3
 Tukima's Dance           Hex            0%           63%         3
 Cause Fear               Hex            0%           95%         4
 Hailstorm                Conj/Ice       0%           95%         4
 Leda's Liquefaction      Hex/Erth       0%           95%         4
 Sticky Flame             Conj/Fire      0%           95%         4
 Summon Ice Beast         Ice/Summ       0%           95%         4
 Eringya's Noxious Bog    Tmut/Pois      10%          98%         6
 Bolt of Magma            Conj/Fire/Erth 0%           100%        5
 Silence                  Hex/Air        0%           100%        5
 Summon Forest            Summ/Tloc      0%           100%        5
 Yara's Violent Unravell  Hex/Tmut       0%           100%        5
 Hydra Form               Tmut           0%           100%        6
 Iron Shot                Conj/Erth      0%           100%        6
 Statue Form              Tmut/Erth      0%           100%        6
 Summon Hydra             Summ           0%           100%        7
 Discord                  Hex            0%           100%        8
 Shatter                  Erth           0%           100%        9


Dungeon Overview and Level Annotations

Branches:
Dungeon (15/15)            Temple (1/1) D:4            Lair (6/6) D:8
 Shoals (0/4) Lair:4        Snake (1/4) Lair:3        Slime (0/5) Lair:5
    Orc (0/2) D:9          Vaults (0/5) D:14         Depths (0/5) D:15
Ossuary (visited)           IceCv (visited)

Altars:
Ashenzari
Cheibriados
Dithmenos
Elyvilon
Fedhas
Gozag
Hepliaklqana
Kikubaaqudgha
Makhleb
Nemelex Xobeh
Okawaru
Qazlal
Ru
Sif Muna
Trog
Uskayaw
Vehumet
Wu Jian
Xom
Yredelemnul
Zin
The Shining One
Jiyva

Shops:
D:5 !   D:8 }   D:9 }   D:15 ?

Annotations:
D:12 1 runed translucent door, Timinator's ghost, journeyman GrFE
Lair:3 exclusion: 2 oklob plants


Innate Abilities, Weirdness & Mutations

You cannot wear most types of armour.
You are very stealthy in the water. (Stealth+)
You are amphibious.
You can wear up to eight rings at the same time.
You can use your tentacles to constrict eight enemies at once.
Your skin changes colour to match your surroundings (Stealth+).
Your rubbery body absorbs attacks. (AC +1, EV +1)


Message History

You hit the six-headed hydra simulacrum.
You squeeze the six-headed hydra simulacrum.
The six-headed hydra simulacrum is heavily damaged.
Unknown command.
You completely miss the six-headed hydra simulacrum.
The six-headed hydra simulacrum is heavily damaged.
The six-headed hydra simulacrum completely misses you.
The six-headed hydra simulacrum closely misses you.
You block the six-headed hydra simulacrum's attack. x2
The six-headed hydra simulacrum bites you!
* * * LOW HITPOINT WARNING * * *
The six-headed hydra simulacrum freezes you!
You resist.
* * * LOW HITPOINT WARNING * * *
The six-headed hydra simulacrum bites you!
* * * LOW HITPOINT WARNING * * *
The six-headed hydra simulacrum freezes you!
You resist.
You die...
Your body glows with a rainbow of weird colours and disappears.

........................#.# #.
##...#P...#............##.#######
.............#..#.###............
.............#..### #............
..............#..####............
.................................
#......>.....#####..####.........
###.........##...####..###.......
...##.......#...@Z.......##......
....##.....##..###.......,#..####
#.#...#....#..##,ยงยง...#..##..#
...........#..#,..=...#..#...#
...........#..##$..(.##..#...#
...........##..##(?###...#..##
...#........#...####....##..#
...#........##..........#...#
#.#..#.......#.........##...#


You could see a six-headed hydra simulacrum.

Vanquished Creatures
  Roxanne (D:15)
  A frost giant (IceCv)
  An ironheart preserver (D:14)
  The ghost of Almogavar the Cleaver, a journeyman GnWn of Okawaru (Lair:5)
  A minotaur (Lair:6)
  The ghost of Flure the Unseen, a journeyman FeBe of Trog (Snake:1)
  The ghost of TangoThomas the Tainter, a journeyman DsVM of Makhleb (Lair:3)
  The ghost of Kithunn the Eclecticist, a journeyman DEWz of Gozag (Lair:6)
  An ice dragon (Lair:1)
  Fannar (D:11)
  7 boulder beetles
  14 hydras
  3 catoblepae
  A naga warrior (Snake:1)
  A centaur warrior (D:15)
  2 ogre magi (D:15)
  11 two-headed ogres
  4 anacondas (Snake:1)
  2 death yaks
  2 tengu warriors (D:14)
  2 shock serpents (Snake:1)
  A naga sharpshooter (Snake:1)
  The ghost of Upred Firhy the Geomancer, a novice GrEE of Vehumet (Lair:1)
  6 unseen horrors
  A naga ritualist (Snake:1)
  An obsidian statue (Lair:2)
  4 wizards (D:15)
  Pikel (D:9)
  A lindwurm (Lair:3)
  An orc knight (D:14)
  An orc sorcerer (D:14)
  A deep elf mage (D:15)
  6 cyclopes
  A salamander (Snake:1)
  2 mana vipers (Snake:1)
  3 manticores
  A merfolk siren (Lair:4)
  20 ugly things
  A moth of wrath (Lair:5)
  25 black mambas
  A guardian serpent (Snake:1)
  Maurice (D:8)
  3 naga magi
  11 elephants
  A torpor snail (Lair:5)
  23 cane toads
  3 gargoyles
  5 rime drakes
  2 kobold demonologists
  A yaktaur (shapeshifter) (D:14)
  19 komodo dragons
  A meliai (shapeshifter) (D:12)
  A tengu conjurer (D:15)
  3 trolls
  3 tyrant leeches (Lair:6)
  A wind drake (shapeshifter) (D:13)
  A jumping spider (Lair:5)
  13 polar bears
  A harpy skeleton (D:15)
  3 hornets
  26 blink frogs
  4 slime creatures (D:14)
  Prince Ribbit (D:9)
  4 dream sheep
  A shadow (D:13)
  Sigmund (D:5)
  2 spriggans (Lair:5)
  A water elemental (D:15)
  65 yaks
  4 vampires
  A tarantella (shapeshifter) (D:14)
  4 wraiths
  7 wyverns
  Grum (D:9)
  5 basilisks
  6 vampire mosquitoes (Lair:6)
  Menkaure (D:6)
  7 nagas (Snake:1)
  2 acid dragons
  A hydra simulacrum (Lair:1)
  18 water moccasins
  Duvessa (D:6)
  15 orc warriors
  3 black bears
  2 sky beasts
  5 ice beasts
  5 ogres
  2 phantoms
  30 wolves
  An eye of draining (D:11)
  A necrophage (D:10)
  7 centaurs
  10 big kobolds
  42 bullfrogs
  2 wyvern zombies
  A gnoll sergeant (D:9)
  Dowan (D:6)
  A hornet simulacrum (D:14)
  2 water moccasin zombies (Ossuary)
  A wyvern skeleton (D:12)
  A scorpion (D:7)
  A blink frog simulacrum (Lair:1)
  4 killer bees
  8 wights
  9 electric eels
  2 bullfrog zombies
  4 howler monkeys
  9 crimson imps (Lair:1)
  A gnoll shaman (D:8)
  2 centaur zombies
  6 hounds
  11 orc wizards
  7 centaur skeletons
  10 orc priests
  Terence (D:3)
  7 jellies
  A bullfrog skeleton (D:11)
  4 iguanas
  4 hell rats (Lair:3)
  9 worker ants
  A yak simulacrum (Lair:1)
  2 big kobold zombies (Ossuary)
  A basilisk simulacrum (Lair:1)
  2 hound skeletons
  A hound zombie (D:5)
  2 mummies (Ossuary)
  A worker ant zombie (D:8)
  10 gnolls
  19 adders
  4 shadow imps
  5 white imps
  A steam dragon simulacrum (Lair:1)
  3 ufetubi
  An ooze (D:3)
  4 adder zombies (Ossuary)
  2 adder skeletons (D:4)
  2 worms (D:2)
  2 dart slugs
  8 leopard geckos
  56 orcs
  2 ball pythons (Lair:3)
  13 bats
  7 giant cockroaches
  A gnoll zombie (Ossuary)
  16 goblins
  9 hobgoblins
  14 jackals
  7 quokkas
  6 frilled lizards
  4 hobgoblin zombies (Ossuary)
  A jackal skeleton (D:5)
  18 kobolds
  6 kobold zombies (Ossuary)
  2 leopard gecko skeletons
  2 orc zombies (Ossuary)
  A quokka zombie (D:6)
  8 rats
873 creatures vanquished.

Vanquished Creatures (collateral kills)
  A fire dragon (Lair:5)
  A shock serpent (Snake:1)
  A mana viper (Snake:1)
  An ice statue (IceCv)
  A troll (Lair:5)
  4 polar bears (IceCv)
  A yak (IceCv)
  A gnoll (D:8)
11 creatures vanquished.

Vanquished Creatures (others)
  38 fungi
  106 plants
144 creatures vanquished.

Grand Total: 1028 creatures vanquished

Notes
Turn   | Place    | Note
-------+----------+-------------------------------------------
     0 | D:5      | Phaedo the Octopode Delver began the quest for the Orb.
     0 | D:5      | Reached XP level 1. HP: 16/16 MP: 1/1
    70 | D:5      | Noticed Sigmund
   382 | D:3      | Reached XP level 2. HP: 21/21 MP: 2/2
   606 | D:2      | Reached XP level 3. HP: 26/26 MP: 3/3
   855 | D:1      | HP: 1/26 [kobold (4)]
  1480 | D:1      | Reached XP level 4. HP: 31/31 MP: 4/4
  1557 | D:1      | Reached skill level 3 in Dodging
  2744 | D:3      | Reached XP level 5. HP: 28/36 MP: 5/5
  2838 | D:3      | Reached skill level 1 in Shields
  2897 | D:3      | Noticed Terence
  2906 | D:3      | Killed Terence
  3803 | D:4      | Reached XP level 6. HP: 42/42 MP: 6/6
  4171 | D:4      | Reached skill level 4 in Dodging
  4320 | D:4      | Reached XP level 7. HP: 48/48 MP: 7/7
  4444 | D:4      | Found a staircase to the Ecumenical Temple.
  4481 | Temple   | Entered the Ecumenical Temple
  4531 | Temple   | Became a worshipper of Nemelex Xobeh the Trickster
  4659 | D:4      | Got a crystal spear
  4660 | D:4      | Identified the +7 spear of Ewutimn {vorpal, Dex+2} (You
                  | found it on level 4 of the Dungeon)
  5000 | D:5      | Reached skill level 1 in Invocations
  5041 | D:5      | Found Xiwav's Distillery.
  5054 | D:5      | Bought a potion of curing for 42 gold pieces
  5306 | D:5      | Killed Sigmund
  5416 | D:6      | Noticed Menkaure
  5424 | D:6      | Killed Menkaure
  5425 | D:6      | Reached XP level 8. HP: 16/54 MP: 8/10
  6398 | D:6      | Got an ichor-stained hunting sling
  6421 | D:6      | Reached skill level 5 in Dodging
  6435 | D:6      | Reached * piety under Nemelex Xobeh
  6453 | D:6      | Noticed Dowan
  6454 | D:6      | Noticed Duvessa
  6461 | D:6      | Killed Duvessa
  6464 | D:6      | Killed Dowan
  6762 | D:6      | Reached skill level 5 in Invocations
  6920 | D:6      | Reached XP level 9. HP: 58/58 MP: 12/12
  7560 | D:7      | Reached skill level 10 in Stealth
  7568 | D:7      | Found a sand-covered staircase.
  7607 | Ossuary  | Entered an ossuary
  7775 | Ossuary  | Received a gift from Nemelex Xobeh
  7781 | Ossuary  | Reached skill level 5 in Polearms
  8555 | D:7      | Reached skill level 6 in Dodging
  8555 | D:7      | Reached skill level 5 in Shields
  8572 | D:7      | Received a gift from Nemelex Xobeh
  9195 | D:8      | Found Raopri's Gadget Shoppe.
  9217 | D:8      | Reached ** piety under Nemelex Xobeh
  9428 | D:7      | Identified the +7 hunting sling of the Swamp {flame, *Slow
                  | Int+7} (You found it on level 6 of the Dungeon)
  9628 | D:8      | Found a radiant altar of Vehumet.
  9645 | D:8      | Noticed a komodo dragon
  9662 | D:8      | Reached XP level 10. HP: 42/63 MP: 15/15
  9920 | D:8      | Noticed a two-headed ogre
  9926 | D:8      | Killed a two-headed ogre
 10000 | D:8      | Noticed Maurice
 10243 | D:8      | Reached skill level 7 in Dodging
 10369 | D:8      | Killed Maurice
 10455 | D:8      | Found a staircase to the Lair.
 11209 | D:9      | Received a gift from Nemelex Xobeh
 11241 | D:9      | Noticed Pikel
 11250 | D:9      | Killed Pikel
 12015 | D:9      | Noticed Prince Ribbit
 12018 | D:9      | Reached XP level 11. HP: 69/69 MP: 17/17
 12119 | D:9      | Killed Prince Ribbit
 12412 | D:9      | Noticed Grum
 12419 | D:9      | Killed Grum
 12496 | D:9      | Learned a level 4 spell: Olgreb's Toxic Radiance
 12725 | D:9      | Reached skill level 1 in Poison Magic
 13035 | D:9      | Received a gift from Nemelex Xobeh
 13052 | D:9      | Found Waenydgh's Gadget Shop.
 13455 | D:9      | Found a staircase to the Orcish Mines.
 13539 | Lair:1   | Entered Level 1 of the Lair of Beasts
 13559 | Lair:1   | Found a frozen archway.
 13582 | Lair:1   | Reached skill level 10 in Invocations
 13797 | IceCv    | Entered an ice cave
 14013 | IceCv    | Reached *** piety under Nemelex Xobeh
 14026 | IceCv    | Reached skill level 8 in Dodging
 14823 | IceCv    | Reached skill level 5 in Poison Magic
 14992 | IceCv    | Noticed a frost giant
 15046 | IceCv    | Killed a frost giant
 15440 | IceCv    | Received a gift from Nemelex Xobeh
 15498 | IceCv    | Reached XP level 12. HP: 74/74 MP: 19/19
 17071 | D:10     | Entered Level 10 of the Dungeon
 17283 | D:10     | Reached skill level 9 in Dodging
 18114 | D:11     | Received a gift from Nemelex Xobeh
 18373 | D:11     | Noticed a seven-headed hydra
 18384 | D:11     | Killed a seven-headed hydra
 18679 | D:11     | Noticed Fannar
 18694 | D:11     | Killed Fannar
 19641 | Lair:1   | Reached skill level 10 in Poison Magic
 19641 | Lair:1   | Reached XP level 13. HP: 46/79 MP: 6/20
 19991 | Lair:1   | Received a gift from Nemelex Xobeh
 20000 | Lair:1   | Noticed Nergalle
 20012 | Lair:1   | Noticed Nergalle
 20012 | Lair:1   | Nergalle changed into Nergalle the polar bear
 20019 | Lair:1   | Killed Nergalle the polar bear
 20149 | Lair:1   | Reached skill level 10 in Dodging
 20395 | Lair:1   | Reached **** piety under Nemelex Xobeh
 20411 | Lair:1   | Found a runed translucent gate.
 20411 | Lair:1   | Found a runed translucent gate.
 20411 | Lair:1   | Found a runed translucent gate.
 20585 | Lair:1   | Noticed Upred Firhy's ghost (novice GrEE)
 20822 | Lair:2   | Received a gift from Nemelex Xobeh
 21307 | Lair:2   | Received a gift from Nemelex Xobeh
 21498 | D:12     | Found a runed translucent door.
 21506 | D:12     | Noticed Timinator's ghost (journeyman GrFE)
 21656 | D:12     | You fall into a shaft and drop 3 floors!
 21656 | D:15     | Entered Level 15 of the Dungeon
 22137 | D:15     | Reached skill level 10 in Polearms
 22359 | D:13     | Reached skill level 10 in Shields
 22534 | D:13     | Received a gift from Nemelex Xobeh
 23658 | D:13     | Reached XP level 14. HP: 85/85 MP: 21/21
 23765 | D:13     | Reached skill level 11 in Dodging
 24381 | D:13     | Got a fine great mace
 24404 | D:14     | Found an iron altar of Okawaru.
 24544 | D:14     | Received a gift from Nemelex Xobeh
 24849 | D:14     | Found a gate to the Vaults.
 24849 | D:14     | Noticed an ironheart preserver
 24892 | D:14     | Killed an ironheart preserver
 26368 | D:15     | Found Dofyusid's Magic Scroll Boutique.
 26386 | D:15     | Reached skill level 12 in Dodging
 26995 | D:15     | Bought a scroll of identify for 38 gold pieces
 27449 | D:15     | Reached XP level 15. HP: 90/90 MP: 11/22
 28258 | D:15     | Noticed Roxanne
 28567 | D:15     | Killed Roxanne
 29139 | D:15     | Found a staircase to the Depths.
 29763 | Lair:2   | Identified the Disquisition on Flames
 30072 | Lair:2   | Identified a scroll of acquirement
 30075 | Lair:2   | Acquired a manual of Crossbows
 30498 | Lair:3   | Reached skill level 13 in Dodging
 30578 | Lair:3   | Found a staircase to the Snake Pit.
 30599 | Lair:3   | Reached skill level 1 in Crossbows
 30817 | Lair:3   | Found an ornate altar of the Wu Jian Council.
 30826 | Lair:3   | Found a hide-covered altar of Uskayaw.
 31138 | Lair:3   | Noticed TangoThomas's ghost (journeyman DsVM)
 31205 | Lair:3   | Found a runed translucent door.
 31227 | Lair:3   | Got a pitted trident
 32037 | Lair:4   | Received a gift from Nemelex Xobeh
 32037 | Lair:4   | Found a staircase to the Shoals.
 32313 | Lair:4   | Identified the +11 trident of Fimbulwinter {elec, Dex+3}
                  | (You found it on level 3 of the Lair of Beasts)
 32815 | Lair:4   | Found a stormy altar of Qazlal.
 32843 | Lair:4   | Reached skill level 5 in Crossbows
 33481 | Lair:5   | Received a gift from Nemelex Xobeh
 33748 | Lair:5   | Reached ***** piety under Nemelex Xobeh
 33774 | Lair:5   | Reached skill level 5 in Fighting
 33775 | Lair:5   | Found a viscous altar of Jiyva.
 33775 | Lair:5   | Found a staircase to the Slime Pits.
 33794 | Lair:5   | Found a transporter.
 33798 | Lair:5   | Identified the +3 quick blade "Aseogoh" {antimagic, rPois
                  | Str+3 Int+2}
 33800 | Lair:5   | Found a bloodstained altar of Trog.
 33804 | Lair:5   | Noticed Almogavar's ghost (journeyman GnWn)
 34109 | Lair:5   | Found a transporter.
 34134 | Lair:5   | Identified the +1 trident of Disorder {antimagic, rElec rC+
                  | rN+ Str+2}
 34166 | Lair:5   | Received a gift from Nemelex Xobeh
 34548 | Lair:5   | Reached XP level 16. HP: 90/98 MP: 15/23
 36846 | Lair:6   | Entered Level 6 of the Lair of Beasts
 36855 | Lair:6   | Found a runed translucent gate.
 36855 | Lair:6   | Found a runed translucent gate.
 36855 | Lair:6   | Found a runed translucent gate.
 36863 | Lair:6   | Noticed Kithunn's ghost (journeyman DEWz)
 37603 | Lair:6   | Learned a level 3 spell: Portal Projectile
 37622 | Lair:6   | Received a gift from Nemelex Xobeh
 37765 | Snake:1  | Entered Level 1 of the Snake Pit
 37905 | Snake:1  | Found a runed translucent gate.
 37906 | Snake:1  | Found a runed translucent gate.
 37908 | Snake:1  | Noticed Flure's ghost (journeyman FeBe)
 37909 | Snake:1  | Found a runed translucent gate.
 38449 | Snake:1  | Reached skill level 10 in Crossbows
 39596 | Lair:6   | Received a gift from Nemelex Xobeh
 39673 | Lair:6   | Killed Kithunn's ghost
 39862 | Lair:5   | Reached XP level 17. HP: 74/107 MP: 9/25
 39872 | Lair:5   | Killed Almogavar's ghost
 40738 | Lair:3   | Killed TangoThomas's ghost
 41552 | Snake:1  | Killed Flure's ghost
 41553 | Snake:1  | Reached skill level 14 in Dodging
 41970 | Lair:1   | Killed Upred Firhy's ghost
 41999 | Lair:1   | HP: 3/108 [six-headed hydra simulacrum (11)]
 41999 | Lair:1   | Mangled by a six-headed hydra simulacrum

Illustrated notes

Levels and vault maps discovered:
D:1:      dpeg_arrival_pits, layout_loops_ring, minmay_pentomino_s4
D:2:      layout_basic
D:3:      layout_loops_ring, guppyfry_early_orc_mine, uniq_terence
D:4:      layout_loops_ring, minmay_temple_entry_trees, minmay_misc_feat_tower,
          kennysheep_small_circle
D:5:      layout_basic, serial_shops, shop, uniq_sigmund
D:6:      layout_cave_pools, chequers_big_river, uniq_duvessa, uniq_menkaure
D:7:      layout_basic, enter_ossuary_1
D:8:      layout_layer_cave, vehumet_altar_wand_db,
          grunt_lair_entry_orc_guard_hut, serial_shops,
          nicolae_shop_behind_doors, uniq_maurice
D:9:      layout_loops_ring, erik_orc_2, serial_shops, shop_coins, st_stairs_12,
          uniq_prince_ribbit1, uniq_pikel, uniq_grum
D:10:     layout_rooms, lightli_minifort
D:11:     layout_gridville, gauntlet_entry_generic, uniq_fannar
D:12:     layout_basic, ebering_ghost_inner_flame
D:13:     layout_rooms, st_stairs_12, minivault_10, hangedman_ranch
          [blue_anna_fruit_fields]
D:14:     layout_basic, skrybe_vaults_entry_preservation, basic_altar,
          nicolae_sextant
D:15:     grunt_enter_depths_magical_seal, layout_loops_ring, serial_shops,
          nicolae_shop_waterfront, nicolae_lava_and_water, uniq_roxanne
Temple:   nicolae_temple_the_god_donut
Lair:1:   layout_gridlike, gammafunk_ghost_icy, portal_ice_cave_entry_imps,
          chequers_serial_rivers_marsh, chequers_serial_rivers_small_a,
          grunt_megastairs_2, uniq_nergalle
Lair:2:   statuecave_lemuel, layout_loops_ring, serial_forest,
          infiniplex_forest_lined_ring, infiniplex_forest_end_double,
          infiniplex_forest_fountain, infiniplex_forest_diagonal,
          infiniplex_forest_lined_room_3, infiniplex_forest_clump_curved,
          infiniplex_forest_clump_large, infiniplex_forest_lined_room_,
          infiniplex_forest_straight_5
Lair:3:   layout_roguey, minmay_snake_entry_six_corridors,
          hellmonk_ghost_happy_afterlife, nzn_masters_of_martial_movement,
          minmay_lair_oklob_chamber, infiniplex_staircase_pool
Lair:4:   layout_gridlike, elwin_shoals_entry_rooms, basic_altar,
          nicolae_quartered_pool_medium, st_stairs_5, minivault_27,
          nicolae_lair_yak_garden
Lair:5:   nzn_winding_woodlands_huge [nzn_winding_woodlands_5x15_cabin,
          nzn_winding_woodlands_5x15_river_crossing,
          nzn_winding_woodlands_5x15_jagged,
          nzn_winding_woodlands_5x15_pathside_ponds,
          nzn_winding_woodlands_5x15_twine, nzn_winding_woodlands_5x15_crooked,
          nzn_winding_woodlands_5x15_eye, nzn_winding_woodlands_5x15_longhouse,
          nzn_winding_woodlands_5x15_pool, nzn_winding_woodlands_5x15_zeroes,
          nzn_winding_woodlands_center_triple_pond,
          nzn_winding_woodlands_center_diamonds,
          nzn_winding_woodlands_15x15_boxy_spiral], layout_regular_city,
          dpeg_slime_entry_enclosed_altar, gammafunk_ghost_wrathful_warriors,
          st_stairs_10
Lair:6:   minmay_lair_end_frog_pond, layout_gridlike,
          maelrawn_ghost_gauntlet_escape, patterned_corridor, lemuel_fruit_tree
Snake:1:  layout_onion_interference, gammafunk_ghost_split

Skill      XL: |  1  2  3  4  5  6  7  8  9 10 11 12 13 14 15 16 17 |
---------------+----------------------------------------------------+-----
Stealth        | 7 8 9 10 11 12 | 12.0
Dodging        | 3 4 5 6 7 8 9 10 12 13 14 | 14.0
Polearms       | 3 4 5 6 7 9 10 12 13 | 13.6
Shields        | 1 2 3 4 5 6 7 9 10 12 13 | 13.6
Fighting       | 4 5 6 7 |  7.2
Invocations    | 2 5 7 9 10 11 | 11.7
Poison Magic   | 6 10 12 | 12.0
Crossbows      | 6 10 11 | 11.7

Action                   |  1- 3 |  4- 6 |  7- 9 | 10-12 | 13-15 | 16-18 || total
-------------------------+-------+-------+-------+-------+-------+-------++-------
Melee: Spear             |    93 |    59 |   275 |   808 |   988 |       ||  2223
       Constrict         |    19 |    34 |    46 |    74 |   103 |    53 ||   329
       Tentacles         |    12 |    23 |    43 |   149 |   265 |   103 ||   595
       Short sword       |       |    79 |     7 |       |       |       ||    86
       Trident           |       |       |       |       |   129 |   549 ||   678
 Fire: Hunting sling     |     5 |       |    62 |   141 |    78 |    57 ||   343
Throw: Stone             |       |       |     1 |       |     1 |       ||     2
 Cast: Olgreb's Toxic Ra |       |       |       |     5 |   124 |    51 ||   180
Invok: Draw Destruction  |       |       |     1 |    20 |    22 |     3 ||    46
       Draw Summoning    |       |       |       |     7 |     2 |     4 ||    13
       Draw Escape       |       |       |       |     4 |     6 |     3 ||    13
       Triple Draw       |       |       |       |     1 |     1 |       ||     2
       Deal Four         |       |       |       |       |     1 |     3 ||     4
Evoke: Wand              |       |       |       |    10 |       |       ||    10
  Use: Scroll            |     1 |       |    14 |     6 |    22 |     6 ||    49
       Potion            |       |       |     2 |     2 |     2 |     3 ||     9
 Stab: Sleeping          |     9 |    20 |    35 |    27 |    40 |     8 ||   139
       Distracted        |     1 |     1 |       |     4 |     4 |     4 ||    14
       Petrifying        |       |       |       |     1 |       |       ||     1
       Petrified         |       |       |       |     1 |       |       ||     1
Armor: Skin              |     6 |     4 |     4 |    44 |     5 |     2 ||    65
Dodge: Dodged            |    50 |    46 |    80 |   452 |   363 |   207 ||  1198
Block: Kite shield       |       |    30 |    54 |   348 |   413 |   388 ||  1233
       Reflection        |       |       |       |       |     5 |    17 ||    22
